 Dungeon Sprint DCSS version 0.31-a0-986-g5e6e4ef867 (webtiles) character file.

Game seed: 644107889500076527

86 rocky1 the Changeling (level 4, -2/28 HPs)
             Began as an Octopode Shapeshifter on Nov 17, 2023.
             Slain by a shadow (4 damage)
             ... in the Dungeon (Sprint III: "The Ten Rune Challenge").
             The game lasted 00:01:48 (486 turns).

rocky1 the Changeling (Octopode Shapeshifter)        Turns: 486, Time: 00:01:48

Health: -2/28      AC:  1    Str: 13    XL:     4   Next: 50%
Magic:  8/8        EV: 13    Int: 14    God:
Gold:   18         SH:  0    Dex: 11    Spells: 4/8 levels left

rFire   . .          .
                       - Unarmed
rCold   . . .        (no shield)
rNeg    . . .        (helmet currently unavailable)
rPois   .            (no amulet)
rElec   .            (no ring)
rCorr   .            (no ring)
SInv    .            (no ring)
Will    .....        (no ring)
Stlth   +++          (no ring)
HPRegen 0.24/turn    (no ring)
MPRegen 0.11/turn    (no ring)
                     (no ring)

%: no teleportation
@: beast-form
A: beast (slay +3), almost no armour, amphibious, 8 rings, camouflage 1,
gelatinous body 1, (nimble swimmer 1), tentacles
a: Begin Untransformation


You were in the Dungeon.
You were a hulking beast.
You visited 1 branch You collected 18 gold pieces.

Inventory:

Talismans
 b - a beast talisman
 c - a flux talisman
Scrolls
 i - a scroll of blinking
 j - a scroll of torment
 n - a scroll of poison
Potions
 a - a potion of lignification
 d - a potion of curing
 e - 3 potions of mutation
 f - a potion of haste
 g - 3 potions of magic
 l - a potion of cancellation {unknown}
 m - 2 potions of enlightenment


   Skills:
 + Level 1.1 Fighting
 + Level 2.7 Dodging
 + Level 2.9 Stealth
 + Level 5.1 Unarmed Combat
 * Level 2.7 Spellcasting
 * Level 2.8 Earth Magic
 + Level 5.2 Shapeshifting


You had 4 spell levels left.
You knew the following spells:

 Your Spells              Type           Power      Damage    Failure   Level
a - Sandblast             Erth           18%        2d7       7%          1
b - Stone Arrow           Conj/Erth      10%        3d7       36%         3

Your spell library contained the following spells:

 Spells                   Type           Power      Damage    Failure   Level
 Passwall                 Tmut/Erth      4%         N/A       19%         2
 Brom's Barrelling Bould  Conj/Erth      5%         2d3       77%         4


Dungeon Overview and Level Annotations

Branches:
Dungeon (1/1)

Altars:


Innate Abilities, Weirdness & Mutations

You are a hulking beast.
Your limbs bulge with bestial killing power. (Slay +3)
You cannot wear most types of armour.
You are amphibious.
You can wear up to eight rings at the same time.
Your skin changes colour to match your surroundings (Stealth+).
Your rubbery body absorbs attacks. (AC +1, EV +1)
((You are camouflaged when in or above water. (Stealth+)))
You have tentacles for arms and can constrict up to eight enemies at once.


Message History

A shadow comes into view.
There is an open door here.
Unknown command.
Unknown command.
Unknown command.
Aiming: Sandblast (safe; 7% risk of failure)
Press: ? - help, Q - select action Shift-Dir - straight line, f - shadow
Aim: a shadow (dormant, 100% to hit)
The blast of sand hits the shadow but does no damage.
Unknown command.
You tentacle-slap the shadow.
The shadow is moderately damaged.
The jelly quivers.
The shadow barely misses you.
You completely miss the shadow. You squeeze the shadow.
The shadow is moderately damaged.
The shadow hits you.
You tentacle-slap the shadow but do no damage.
You squeeze the shadow.
The shadow is heavily damaged.
The shadow hits you.
You tentacle-slap the shadow.
The shadow is heavily damaged.
The shadow misses you.
You tentacle-slap the shadow but do no damage.
You squeeze the shadow.
The shadow is severely damaged.
The shadow hits you! The jelly misses you.
The shadow attacks as it pursues you! The shadow completely misses you.
You tentacle-slap the shadow.
The shadow is severely damaged.
The shadow hits you.
You closely miss the shadow.
The shadow is severely damaged.
The shadow hits you!
* * * LOW HITPOINT WARNING * * *
You tentacle-slap the shadow.
The shadow is almost destroyed.
The shadow hits you.
You die...

▓▓▓ ♣♣ ♣.# .♣ ♣♣.#
♣♣ ..#
♣♣♣♣♣.###+#+###+##
.♣....#..........#
~.....'.⌠.......h#
~~~...#...######W#
~~....#.⌠.# #..J#
~.....#...# #...#
......#+### #...#
......# #...+
......# +...#
▓▓▓▓▓▓▓ ▓▓▓▓▓


You could see a shadow and a jelly.

Vanquished Creatures
  A water elemental (D)
  A human (D)
  A phantom (D)
  An endoplasm (D)
  3 rats (D)
7 creatures vanquished.

Notes
Turn   | Place    | Note
-------+----------+-------------------------------------------
     0 | D        | rocky1 the Octopode Shapeshifter began the quest for the
                  | Orb.
     0 | D        | Reached XP level 1. HP: 13/13 MP: 1/1
   119 | D        | Reached skill level 1 in Stealth
   150 | D        | Reached XP level 2. HP: 18/18 MP: 1/3
   163 | D        | Reached skill level 1 in Spellcasting
   163 | D        | Reached skill level 1 in Earth Magic
   163 | D        | Reached XP level 3. HP: 17/23 MP: 2/5
   317 | D        | Noticed a water elemental
   325 | D        | Killed a water elemental
   326 | D        | Reached skill level 5 in Unarmed Combat
   326 | D        | Reached skill level 5 in Shapeshifting
   326 | D        | Reached XP level 4. HP: 28/28 MP: 5/8
   461 | D        | Learned a level 1 spell: Sandblast
   465 | D        | Learned a level 3 spell: Stone Arrow
   476 | D        | Noticed a shadow
   486 | D        | Slain by a shadow

Illustrated notes

Levels and vault maps discovered:
D:        dungeon_sprint_mu [sprint_mu_entry_forest, sprint_mu_temple_rooms,
          sprint_mu_d1_horrors, sprint_mu_d2_genie, sprint_mu_d3_branching,
          sprint_mu_orc_legion, sprint_mu_elf_gauntlet, sprint_mu_hive_nellie,
          sprint_mu_lair_fedhas, sprint_mu_vaults_butterflies,
          sprint_mu_slime_circle, sprint_mu_shoals_kraken,
          sprint_mu_snake_twists, sprint_mu_blade_basic,
          sprint_mu_crypt_chambers, sprint_mu_tomb_spiral,
          sprint_mu_vestibule_basic, sprint_mu_gehenna_hellfire,
          sprint_mu_dis_giant, sprint_mu_tartarus_statrot,
          sprint_mu_cocytus_islands, sprint_mu_zot1]

Skill      XL: |  1  2  3 |
---------------+----------+-----
Stealth        | 1 2 |  2.9
Unarmed Combat | 4 5 |  5.1
Spellcasting   | 1 2 |  2.7
Earth Magic    | 1 2 |  2.8
Shapeshifting  | 4 5 |  5.2
Fighting       | |  1.1
Dodging        | |  2.7

Action                     |  1- 3 |  4- 6 || total
---------------------------+-------+-------++-------
  Melee: Unarmed           |    25 |     8 ||    33
         Tentacles         |     3 |     3 ||     6
         Constrict         |     1 |       ||     1
   Cast: Sandblast         |       |     1 ||     1
    Use: Potion            |     2 |       ||     2
         Scroll            |     3 |       ||     3
   Stab: Sleeping          |     2 |       ||     2
 Armour: Skin              |     5 |     6 ||    11
  Dodge: Dodged            |    11 |     4 ||    15

Table legend: (Time is in decaauts)
 A = Elapsed time spent in this place.
 B = Non-inter-level travel time spent in this place.
 C = Inter-level travel time spent in this place.
 D = Time resting spent in this place.
 E = Time spent auto-exploring this place.
 F = Levels seen in this place.
 G = Mean time per level.
                   A        B        C        D        E       F      G
               +--------+--------+--------+--------+--------+-----+--------+
         Total |    491 |    491 |      0 |    356 |      0 |   1 |  491.0 |
       Dungeon |    491 |    491 |      0 |    356 |      0 |   1 |  491.0 |
               +--------+--------+--------+--------+--------+-----+--------+

Top non-repeatable levels by time:
       D: 491 daAuts
